 Dungeon Crawl Stone Soup version 0.22.0-60-ga52c2fcf6e (webtiles) character file.

151 MaCx the Skirmisher (level 5, -1/48 HPs)
             Began as a Hill Orc Fighter on Sept 11, 2018.
             Slain by Grinder (2 damage)
             ... while paralysed by Grinder
             ... on level 3 of the Dungeon.
             The game lasted 00:08:58 (4427 turns).

MaCx the Skirmisher (Hill Orc Fighter)              Turns: 4427, Time: 00:08:59

Health: -1/48      AC:  8    Str: 20    XL:     5   Next: 33%
Magic:  5/5        EV:  2    Int:  8    God:
Gold:   118        SH:  0    Dex: 10    Spells: 4/4 levels left

rFire    . . .     SeeInvis .   t - +1 hand axe (flame)
rCold    . . .     Gourm    .   w - +0 large shield
rNeg     . . .     Faith    .   x - +0 ring mail
rPois    .         Spirit   .   z - +0 helmet
rElec    .         Reflect  .   u - +0 cloak
rCorr    .         Harm     .   (no gloves)
MR       .....                  (no boots)
Stlth    ..........             (no amulet)
HPRegen  0.16/turn              (no ring)
MPRegen  0.09/turn              (no ring)

@: paralysed
A: no striking features
a: no special abilities


You were on level 3 of the Dungeon.
You were not hungry.

You visited 1 branch of the dungeon, and saw 3 of its levels.

You collected 118 gold pieces.

Inventory:

Hand Weapons
 t - a +1 hand axe of flaming (weapon)
Missiles
 b - 6 javelins
 e - 111 stones (quivered)
 n - 13 poisoned needles
 v - 6 steel javelins
Armour
 u - a +0 cloak (worn)
 w - a +0 large shield (worn)
 x - a +0 ring mail (worn)
 z - a +0 helmet (worn)
Jewellery
 a - an uncursed ring of resist corrosion {unknown}
 j - an uncursed ring of flight {unknown}
 r - a cursed amulet of inaccuracy {unknown}
Scrolls
 g - 4 scrolls of identify {unknown}
 h - 2 scrolls of teleportation {unknown}
 i - a scroll of remove curse {unknown}
 k - a scroll of magic mapping {unknown}
 m - a scroll of enchant armour {unknown}
 s - a scroll of noise {unknown}
 y - a scroll of fog {unknown}
Potions
 d - a potion of might
 l - a potion of cancellation {unknown}
 o - a potion of resistance {unknown}
 p - 2 potions of curing
Comestibles
 f - 5 rations


   Skills:
 + Level 5.4 Fighting
 + Level 5.2 Axes
 - Level 3.4 Armour
 - Level 3.4 Shields


You had 4 spell levels left.
You didn't know any spells.
Your spell library was empty.

Dungeon Overview and Level Annotations

Branches:
Dungeon (3/15)

Altars:

Annotations:
D:3 Grinder


Message History

Grinder is moderately wounded.
Grinder gestures at you. Pain shoots through your body!
* * * LOW HITPOINT WARNING * * *
You barely miss Grinder.
Grinder is moderately wounded.
You block Grinder's attack. Grinder gestures at you.
You suddenly lose the ability to move!
Grinder hits you.
* * * LOW HITPOINT WARNING * * *
You writhe in agony.
* * * LOW HITPOINT WARNING * * *
Grinder hits you but does no damage. Grinder hits you.
* * * LOW HITPOINT WARNING * * *
You writhe in agony.
* * * LOW HITPOINT WARNING * * *
Grinder hits you.
You die...

#.....##..#
#.....##..#
#####.##..#
####.......# #
#......###.# h.
#.##.#.....# #.##
#.##.#.##### ..<..
#.##.....#######......
#...##......@5h.......
###.####.#######......
#......# .....
######## .... .<. .. .


You could see Grinder and a jackal.

Vanquished Creatures
  Crazy Yiuf (D:2)
  Terence (D:3)
  Robin (D:3)
  An adder (D:2)
  A worm (D:2)
  2 dart slugs (D:1)
  2 ball pythons
  4 bats
  5 giant cockroaches
  16 goblins
  7 hobgoblins
  9 jackals
  4 kobolds
  5 frilled lizards
  8 rats
67 creatures vanquished.

Notes
Turn   | Place    | Note
-------+----------+-------------------------------------------
     0 | D:1      | MaCx the Hill Orc Fighter began the quest for the Orb.
     0 | D:1      | Reached XP level 1. HP: 19/19 MP: 1/1
     6 | D:1      | Noticed a wyvern
     6 | D:1      | Noticed a komodo dragon
     6 | D:1      | Noticed a black bear
     6 | D:1      | Noticed a worker ant
    85 | D:1      | Reached XP level 2. HP: 26/27 MP: 2/2
   809 | D:1      | Reached XP level 3. HP: 33/33 MP: 3/3
  2283 | D:2      | Found a faded altar of an unknown god.
  2382 | D:2      | Reached XP level 4. HP: 41/41 MP: 4/4
  2427 | D:2      | Found a runed door.
  3094 | D:2      | Noticed Crazy Yiuf
  3108 | D:2      | Killed Crazy Yiuf
  3108 | D:2      | Reached skill level 5 in Fighting
  3437 | D:3      | Noticed Terence
  3455 | D:3      | Killed Terence
  3455 | D:3      | Reached XP level 5. HP: 47/48 MP: 5/5
  3636 | D:3      | Reached skill level 5 in Axes
  3659 | D:3      | Noticed Robin
  3681 | D:3      | Killed Robin
  4390 | D:3      | Noticed Grinder
  4423 | D:3      | Paralysed by Grinder for 5 turns
  4426 | D:3      | HP: 1/48 [Grinder (2)]
  4427 | D:3      | Slain by Grinder

Skill      XL: |  1  2  3  4  5 |
---------------+----------------+-----
Axes           | 3 4 5 |  5.2
Fighting       | 4 5 |  5.4
Armour         | |  3.4
Shields        | |  3.4

Action                   |  1- 3 |  4- 6 || total
-------------------------+-------+-------++-------
Melee: War axe           |   116 |     7 ||   123
       Hand axe          |       |   107 ||   107
  Eat: Chunk             |     5 |     6 ||    11
Armor: Scale mail        |    55 |    12 ||    67
       Ring mail         |       |    23 ||    23
Dodge: Dodged            |    42 |    30 ||    72
Block: Shield            |    66 |    38 ||   104
       Large shield      |       |    21 ||    21
